 Dungeon Crawl Stone Soup version 0.29-a0-919-gd064cfad1c (webtiles) character file.

Game seed: 17250178404405802935

98 IdlyInterested the Trooper (level 4, 0/35 HPs)
             Began as a Demonspawn Wanderer on July 26, 2022.
             Slain by a gnoll
             ... wielding a +0 halberd
              (5 damage)
             ... on level 2 of the Dungeon.
             The game lasted 00:05:34 (2131 turns).

IdlyInterested the Trooper (Demonspawn Wanderer)    Turns: 2131, Time: 00:05:35

Health: 0/35       AC:  4    Str: 10    XL:     4   Next: 44%
Magic:  1/7        EV: 11    Int: 17    God:
Gold:   51         SH:  0    Dex: 13    Spells: 6/7 levels left

rFire   . . .      SeeInvis .   h - +0 quarterstaff
rCold   . . .      Faith    .   (shield currently unavailable)
rNeg    . . .      Spirit   .   c - +0 robe
rPois   .          Reflect  .   (no helmet)
rElec   .          Harm     .   (no cloak)
rCorr   .          Rampage  .   (no gloves)
Will    .....                   (no boots)
Stlth   ++........              (no amulet)
HPRegen 0.11/turn               (no ring)
MPRegen 0.10/turn               (no ring)

@: very slightly contaminated
A: icy blue scales 1
a: no special abilities


You were on level 2 of the Dungeon.
You visited 1 branch of the dungeon, and saw 2 of its levels.

You collected 51 gold pieces.

Inventory:

Hand Weapons
 a - a +3 spear
 h - a +0 quarterstaff (weapon)
Armour
 c - a +0 robe (worn)
Magical Staves
 k - a staff of earth
 p - a staff of poison
Scrolls
 d - a scroll of torment {unknown}
 e - a scroll of identify {unknown}
 g - 2 scrolls of noise {unknown}
 i - a scroll of fear {unknown}
 j - 2 scrolls of amnesia {unknown}
 l - a scroll of summoning {unknown}
 n - a scroll of silence {unknown}
 o - a scroll of poison {unknown}
Potions
 b - a potion of heal wounds
 f - a potion of degeneration {unknown}
 m - a potion of curing {unknown}
 q - a potion of flight {unknown}
 r - a potion of lignification {unknown}


   Skills:
 - Level 3.0 Fighting
 - Level 2.8(3.1) Polearms
 * Level 1.7(2.5) Staves
 - Level 1.0 Armour
 - Level 1.0 Stealth
 * Level 2.3 Spellcasting
 * Level 1.3 Conjurations
 - Level 1.0 Fire Magic
 - Level 1.2 Invocations
 - Level 1.0 Evocations


You had 6 spell levels left.
You knew the following spells:

 Your Spells              Type           Power      Damage    Failure   Level
a - Foxfire               Conj/Fire      20%        2x1d5     12%         1

Your spell library contained the following spells:

 Spells                   Type           Power      Damage    Failure   Level
 Ignite Poison            Fire/Tmut/Pois 3%         N/A       43%         3


Dungeon Overview and Level Annotations

Branches:
Dungeon (2/15)

Altars:

Shops:
D:1 =


Innate Abilities, Weirdness & Mutations

You are partially covered in icy blue scales. (AC +2)


Message History

Casting: Foxfire (safe; 12% risk of failure)
Press: ? - help, Q - select action Dir - look around, f - activate You conjure some foxfire!
The foxfire hits the gnoll.
The gnoll is lightly wounded.
The foxfire hits the gnoll.
The gnoll is moderately wounded.
The gnoll hits you from afar with a +0 spear.
A gnoll comes into view. It is wielding a +0 halberd.
Casting: Foxfire (safe; 12% risk of failure)
Press: ? - help, Q - select action Dir - look around, f - activate You conjure some foxfire!
The gnoll hits you but does no damage.
The foxfire hits the gnoll.
The gnoll is severely wounded.
The foxfire hits the gnoll.
The gnoll is severely wounded.
The gnoll hits you from afar with a +0 spear.
Casting: Foxfire (safe; 12% risk of failure)
Press: ? - help, Q - select action Dir - look around, f - activate You miscast Foxfire.
You are very lightly contaminated with residual magic.
Nothing appears to happen.
The gnoll barely misses you.
Casting: Foxfire (safe; 12% risk of failure)
Press: ? - help, Q - select action Dir - look around, f - activate You conjure some foxfire!
The gnoll hits you from afar with a +0 spear!
The foxfire hits the gnoll but does no damage.
The gnoll is severely wounded.
The foxfire hits the gnoll.
You kill the gnoll!
You start resting.
A gnoll is nearby!
A gnoll comes into view. It is wielding a +0 spear.
The gnoll shouts!
The gnoll hits you with a +0 halberd!
* * * LOW HITPOINT WARNING * * *
You closely miss the gnoll. The gnoll hits you with a +0 halberd.
You die...

#.....######.#.##############
#'###'#............)........#
..≈≈≈...####.#†############.#
######### #.#.#..# #.#
#.#.#.># #.#
#.#.#..#########.##
#.#.#.............#
#.#.#..############
#.#.#@######## #..g.)..g...
#.########## #. # .# .# .#


You could see 2 gnolls.

Vanquished Creatures
  A jelly (D:2)
  2 gnolls (D:2)
  2 adders (D:2)
  A worm (D:2)
  2 dart slugs (D:1)
  2 endoplasms
  2 giant cockroaches
  3 goblins
  A hobgoblin (D:1)
  5 kobolds
  A quokka (D:1)
  2 bats (D:1)
  5 rats
29 creatures vanquished.

Vanquished Creatures (others)
  32 foxfires
32 creatures vanquished.

Grand Total: 61 creatures vanquished

Notes
Turn   | Place    | Note
-------+----------+-------------------------------------------
     0 | D:1      | IdlyInterested the Demonspawn Wanderer began the quest for
                  | the Orb.
     0 | D:1      | IdlyInterested set off with the following items: a +3
                  | spear, a potion of heal wounds, a +0 robe; and the
                  | following spell memorised: Foxfire; and the following
                  | spells available to memorise: Ignite Poison.
     0 | D:1      | Reached XP level 1. HP: 18/18 MP: 2/2
   293 | D:1      | Gained mutation: You are partially covered in icy blue
                  | scales. (AC +2) [demonic ancestry]
   293 | D:1      | Reached XP level 2. HP: 11/24 MP: 4/4
   485 | D:1      | Reached skill level 1 in Evocations
   633 | D:1      | Found Yryf's One-of-a-Kind Rings.
  1280 | D:2      | Reached XP level 3. HP: 17/29 MP: 2/5
  1445 | D:2      | Reached skill level 1 in Staves
  1529 | D:2      | Reached skill level 1 in Armour
  1542 | D:2      | Reached XP level 4. HP: 26/35 MP: 5/7
  1728 | D:2      | Reached skill level 1 in Conjurations
  2131 | D:2      | Slain by a gnoll

Illustrated notes

Levels and vault maps discovered:
D:1:      dpeg_arrival_erosion, layout_loops_ring, nicolae_shop_unique_rings,
          minmay_door_square, chequers_serial_rivers_micro_b
D:2:      layout_basic, dreamdust_ecumenical_altar_drowned_temple,
          corexii_corridor_pit

Skill      XL: |  1  2  3  4 |
---------------+-------------+-----
Evocations     | 1 |  1.0
Staves         | 1 |  1.7
Armour         | 1 |  1.0
Spellcasting   | 2 |  2.3
Conjurations   | 1 |  1.3
Fighting       | |  3.0
Polearms       | |  2.8
Stealth        | |  1.0
Fire Magic     | |  1.0
Invocations    | |  1.2

Action                   |  1- 3 |  4- 6 || total
-------------------------+-------+-------++-------
Melee: Quarterstaff      |    54 |    16 ||    70
       Spear             |     7 |       ||     7
 Cast: Foxfire           |     7 |    11 ||    18
 Stab: Sleeping          |     2 |       ||     2
       Distracted        |     1 |       ||     1
Armor: Robe              |    21 |     5 ||    26
Dodge: Dodged            |    34 |     8 ||    42

Table legend: (Time is in decaauts)
 A = Elapsed time spent in this place.
 B = Non-inter-level travel time spent in this place.
 C = Inter-level travel time spent in this place.
 D = Time resting spent in this place.
 E = Time spent auto-exploring this place.
 F = Levels seen in this place.
 G = Mean time per level.
                   A        B        C        D        E       F      G
               +--------+--------+--------+--------+--------+-----+--------+
         Total |   2144 |   1985 |    159 |    511 |   1131 |   2 | 1072.0 |
       Dungeon |   2144 |   1985 |    159 |    511 |   1131 |   2 | 1072.0 |
               +--------+--------+--------+--------+--------+-----+--------+

Top non-repeatable levels by time:
     D:1: 1276 daAuts
     D:2: 867 daAuts
